 Dungeon Crawl Stone Soup version 0.30-a0-748-ge6a52f7cba (webtiles) character file.

Game seed: 2234504321608564216

2635 jimonade the Covert (level 9, -19/58 HPs)
             Began as an Octopode Brigand on Feb 8, 2023.
             Was an Initiate of Ashenzari.
             Demolished by an orc knight
             ... wielding a +0 glaive
              (22 damage)
             ... in a bailey.
             The game lasted 00:16:38 (5498 turns).

jimonade the Covert (Octopode Brigand)              Turns: 5498, Time: 00:16:39

Health: -19/58     AC:  9    Str: 11    XL:     9   Next: 61%
Magic:  9/9        EV: 14    Int: 13    God:    Ashenzari [......]
Gold:   347        SH:  4    Dex: 17    Spells: 8/8 levels left

rFire   . . .      SeeInvis +    a - +2 dagger (venom)
rCold   . . .      Faith    .    E - +0 buckler
rNeg    . . .      Spirit   .    (helmet restricted)
rPois   .          Reflect  .    (no amulet)
rElec   .          Harm     .    g - ring of flight
rCorr   .          Rampage  .    k - ring of the Tortoise {AC+8, Alch, Cun} (curse)
Will    .....                    M - ring of see invisible
Stlth   ++++++                   (no ring)
HPRegen 0.29/turn                (no ring)
MPRegen 0.11/turn                (no ring)
                                 (no ring)
                                 (no ring)

@: flying
A: almost no armour, amphibious, 8 rings, camouflage 1, gelatinous body 1,
(nimble swimmer 1), tentacles
a: Renounce Religion, Curse Item, Shatter the Chains


You were in a bailey.
You worshipped Ashenzari.
Ashenzari was noncommittal.
You visited 2 branches of the dungeon, and saw 8 of its levels.
You also visited: Ossuary and Bailey.

You collected 347 gold pieces.

Inventory:

Hand Weapons
 a - a +2 dagger of venom (weapon)
 b - a +2 dagger
 e - a +3 whip
 F - a +0 antimagic trident
 K - a +0 short sword of venom
Missiles
 c - 3 curare-tipped darts
 m - 20 poisoned darts (quivered)
 L - 2 boomerangs
Armour
 C - an orb of energy
 E - a +0 buckler (worn)
Magical Staves
 D - a staff of earth
Jewellery
 g - a ring of flight (left tentacle)
 k - the cursed ring of the Tortoise (right tentacle) {AC+8, Alch, Cun}
   (You found it on level 2 of the Dungeon)

   [ring of protection]

   AC:        It affects your AC (+8).
   It has a curse which improves the following skills: Alchemy: Poison Magic and
   Transmutations.
   Cunning:   Dodging and Stealth.
 M - a ring of see invisible (on tentacle)
Wands
 I - a wand of flame (21)
Scrolls
 f - 2 scrolls of fear {unknown}
 h - 2 scrolls of teleportation {unknown}
 i - 4 scrolls of fog {unknown}
 l - 10 scrolls of identify {unknown}
 n - 2 scrolls of vulnerability {unknown}
 o - 3 scrolls of enchant armour {unknown}
 p - 2 scrolls of poison {unknown}
 w - 2 scrolls of magic mapping {unknown}
 y - a scroll of butterflies {unknown}
 z - 3 scrolls of amnesia {unknown}
 A - a scroll of silence {unknown}
 B - a scroll of noise {unknown}
 N - a scroll of blinking {unknown}
Potions
 d - a potion of might {unknown}
 j - 3 potions of curing {unknown}
 q - a potion of brilliance {unknown}
 r - a potion of ambrosia {unknown}
 s - 2 potions of magic {unknown}
 t - a potion of berserk rage {unknown}
 u - 2 potions of resistance {unknown}
 v - a potion of lignification {unknown}
 x - 2 potions of invisibility {unknown}
 G - 2 potions of flight {unknown}
 H - a potion of cancellation {unknown}
 J - a potion of degeneration {unknown}


   Skills:
 + Level 3.7 Fighting
 * Level 8.6 Short Blades
 + Level 2.1 Throwing
 + Level 3.6(4.0) Dodging
 + Level 12.6(13.0) Stealth
 + Level 1.5 Shields


You had 8 spell levels left.
You didn't know any spells.
Your spell library contained the following spells:

 Spells                   Type           Power      Damage    Failure   Level
 Freeze                   Ice            0%         1d3       38%         1
 Sandblast                Erth           0%         2d4       38%         1
 Sting                    Tmut/Pois      0%         1d3       38%         1
 Passwall                 Tmut/Erth      0%         N/A       52%         2
 Poisonous Vapours        Pois/Air       0%         N/A       52%         2
 Frozen Ramparts          Ice            0%         1d1       77%         3
 Hailstorm                Conj/Ice       0%         3d3       77%         3
 Stone Arrow              Conj/Erth      0%         3d7       77%         3
 Olgreb's Toxic Radiance  Pois           0%         N/A       99%         4


Dungeon Overview and Level Annotations

Branches:
Dungeon (7/15)             Temple (1/1) D:4         Ossuary (visited)
 Bailey (1/1)

Altars:
Ashenzari
Cheibriados
Dithmenos
Fedhas
Gozag
Makhleb
Nemelex Xobeh
Okawaru
Qazlal
Ru
Sif Muna
Trog
Uskayaw
Vehumet
Wu Jian
Xom
The Shining One

Shops:
D:2 =

Annotations:
D:3 exclusions: centaur and 2 orcs
D:6 exclusion: downstairs


Innate Abilities, Weirdness & Mutations

You cannot wear most types of armour.
You are amphibious.
You can wear up to eight rings at the same time.
Your skin changes colour to match your surroundings (Stealth+).
Your rubbery body absorbs attacks. (AC +1, EV +1)
((You are camouflaged when in or above water. (Stealth+)))
You have tentacles for arms and can constrict up to eight enemies at once.


Message History

You squeeze the orc knight, but do no damage.
The orc knight is lightly wounded.
You constrict the orc knight, but do no damage.
The orc knight hits you with a +0 glaive!
You hit the orc knight.
The orc knight looks as sick as possible!
The orc knight is lightly wounded.
You constrict the orc knight.
The orc knight hits you with a +0 glaive!
You hit the orc knight but do no damage.
The orc knight is moderately wounded.
You constrict the orc knight.
You hit the orc knight but do no damage.
The orc knight looks as sick as possible!
The orc knight is moderately wounded.
You constrict the orc knight, but do no damage.
The orc knight hits you with a +0 glaive!!
* * * LOW HITPOINT WARNING * * *
You are too injured to fight recklessly!
You hit the orc knight but do no damage.
The orc knight looks as sick as possible!
You squeeze the orc knight, but do no damage.
The orc knight is moderately wounded.
You constrict the orc knight. The orc knight misses you.
You hit the orc knight.
The orc knight looks as sick as possible!
You squeeze the orc knight.
The orc knight is moderately wounded.
You constrict the orc knight. You barely miss the orc knight.
You squeeze the orc knight, but do no damage.
The orc knight is moderately wounded.
You constrict the orc knight, but do no damage.
The orc knight hits you with a +0 glaive!
* * * LOW HITPOINT WARNING * * *
You hit the orc knight but do no damage.
The orc knight is heavily wounded.
You constrict the orc knight, but do no damage.
The orc knight hits you with a +0 glaive!!
You die...

# # #. .# #..########..#
##...8)..)8...##
#..o...........###
#♣♣♣♣#$.####''####.$#.##
#≈≈..####........####..#
#≈≈≈...................#
#≈≈≈≈.....@......♣.)))♣#
#≈≈≈≈≈≈..o#....#).)♣♣♣♣
#≈≈≈≈≈≈≈≈≈#....#≈≈≈≈≈♣♣#
#♣♣≈≈≈≈≈≈≈#....#≈≈≈≈≈≈≈#
♣.≈≈≈≈≈≈#....#≈≈≈≈≈≈≈#
♣...≈≈≈≈#....#≈≈≈≈≈≈≈#
♣♣......#....#....≈≈≈#
♣♣..........).....≈≈#
###.♣♣.......♣.♣..♣#


You could see an orc knight (extremely poisoned).

Vanquished Creatures
  Grinder (D:6)
  A water moccasin (D:7)
  5 orc warriors (Bailey)
  An ice beast (D:7)
  A black bear (D:6)
  3 ogres
  A phantom (D:7)
  2 bullfrogs (D:6)
  7 scorpions
  2 necrophages
  4 water moccasin zombies (Ossuary)
  2 orc priests
  4 hounds
  2 iguanas
  2 mummies (Ossuary)
  6 adders
  3 white imps
  2 ufetubi
  4 adder zombies (Ossuary)
  A worm (D:3)
  2 dart slugs (D:3)
  22 orcs
  9 endoplasms
  4 gnoll zombies (Ossuary)
  6 goblins
  6 hobgoblins
  3 jackals (D:3)
  2 quokkas (D:5)
  5 ball pythons
  4 bats
  A frilled lizard (D:2)
  3 hobgoblin zombies (Ossuary)
  10 kobolds
  3 kobold zombies (Ossuary)
  4 orc zombies (Ossuary)
  8 rats
146 creatures vanquished.

Notes
Turn   | Place    | Note
-------+----------+-------------------------------------------
     0 | D:1      | jimonade the Octopode Brigand began the quest for the Orb.
     0 | D:1      | Reached XP level 1. HP: 14/14 MP: 1/1
    53 | D:1      | You fall into a shaft and drop 1 floor!
    99 | D:2      | Reached XP level 2. HP: 19/19 MP: 2/2
   126 | D:2      | Reached skill level 6 in Stealth
   233 | D:2      | Found Faeniupo's Jewellery Emporium.
   291 | D:2      | Reached XP level 3. HP: 23/24 MP: 3/3
   337 | D:2      | Found the ring of the Tortoise {AC+8}
  1050 | D:3      | Noticed a centaur
  1081 | D:3      | Found a shimmering altar of Xom.
  1081 | D:3      | Found a glowing golden altar of the Shining One.
  1107 | D:3      | Reached XP level 4. HP: 27/29 MP: 4/4
  1349 | D:3      | Found a broken altar of Ashenzari.
  1357 | D:3      | Became a worshipper of Ashenzari the Shackled
  1526 | D:3      | Reached skill level 7 in Stealth
  1607 | D:4      | Found a sand-covered staircase.
  1621 | Ossuary  | Entered an ossuary
  1686 | Ossuary  | Reached XP level 5. HP: 34/34 MP: 5/5
  1719 | Ossuary  | Reached skill level 8 in Stealth
  1719 | Ossuary  | Reached XP level 6. HP: 41/41 MP: 6/6
  1910 | D:4      | Reached skill level 5 in Short Blades
  1910 | D:4      | Reached XP level 7. HP: 16/45 MP: 7/7
  2033 | D:4      | Found a staircase to the Ecumenical Temple.
  2043 | Temple   | Entered the Ecumenical Temple
  2375 | D:4      | Found a burning altar of Makhleb.
  2549 | D:4      | Reached skill level 9 in Stealth
  2871 | D:5      | Entered Level 5 of the Dungeon
  2992 | D:5      | Found a stormy altar of Qazlal.
  2993 | D:5      | Noticed an air elemental
  2995 | D:5      | Noticed a water elemental
  2995 | D:5      | Noticed a fire elemental
  3022 | D:5      | Reached XP level 8. HP: 47/51 MP: 8/8
  3109 | D:5      | Reached skill level 10 in Stealth
  3735 | D:6      | Reached skill level 11 in Stealth
  3842 | D:6      | Noticed Grinder
  3856 | D:6      | Paralysed by Grinder for 2 turns
  3864 | D:6      | Killed Grinder
  3865 | D:6      | Reached skill level 1 in Shields
  3865 | D:6      | Reached XP level 9. HP: 35/57 MP: 9/9
  4079 | D:6      | Found a hide-covered altar of Uskayaw.
  4134 | D:6      | Found a sparkling altar of Nemelex Xobeh.
  4617 | D:7      | Reached skill level 12 in Stealth
  4619 | D:7      | Found a flagged portal.
  4619 | D:7      | Noticed a hornet
  4626 | D:7      | Paralysed by a hornet for 2 turns
  4630 | Bailey   | Entered a bailey
  4962 | Bailey   | Noticed an orc knight
  5498 | Bailey   | Demolished by an orc knight

Illustrated notes

Levels and vault maps discovered:
D:1:      denvon_arrival_waterhouse, layout_loops_ring, serial_forest,
          infiniplex_forest_clump_diagonal, infiniplex_forest_lined_corner,
          infiniplex_forest_clump_medium, infiniplex_forest_join,
          infiniplex_forest_end_1, infiniplex_forest_lined_ring,
          shapermc_ecumenical_altar_gd, hangedman_decor_clover_reticule,
          minmay_pentomino_r2
D:2:      minmay_spotlight, layout_loops_ring, serial_shops,
          nicolae_shop_waterfront
D:3:      layout_loops_cross, lemuel_crystal_altar,
          mainiacjoe_overflow_divided_tiny
D:4:      layout_gridville, mainiacjoe_overflow_concentric_impassable,
          minmay_temple_entry_overgrown, nicolae_ossuary_entry_monument,
          minmay_puff
D:5:      layout_gridville, nicolae_qazlal_style_of_elements
D:6:      layout_basic, nemelex_altar_shiori, eat_drink_and_be_merry_uskayaw,
          kennysheep_big_empty_room, chequers_serial_rivers_micro_c,
          amcnicky_mini_corridor_feature, fountainhead, uniq_grinder
D:7:      layout_rooms, enter_bailey_2
Temple:   dpeg_chambers_temple
Bailey:   bailey_polearm_elven_captive_hellmonk, bailey

Skill      XL: |  1  2  3  4  5  6  7  8  9 |
---------------+----------------------------+-----
Stealth        | 6 7 8 9 11 12 | 12.6
Short Blades   | 3 4 5 6 7 8 |  8.6
Dodging        | 2 3 |  3.6
Fighting       | 3 |  3.7
Shields        | 1 |  1.5
Throwing       | |  2.1

Action                     |  1- 3 |  4- 6 |  7- 9 || total
---------------------------+-------+-------+-------++-------
  Melee: Dagger            |    37 |    80 |    74 ||   191
         Constrict         |    16 |    24 |    40 ||    80
         Tentacles         |     4 |    25 |    71 ||   100
         Short sword       |    27 |    30 |   125 ||   182
         Punch             |       |     1 |     4 ||     5
 Invoke: Curse Item        |       |       |     1 ||     1
   Stab: Sleeping          |    17 |    12 |    27 ||    56
 Armour: Skin              |    16 |    22 |    34 ||    72
  Dodge: Dodged            |    33 |    39 |    71 ||   143
  Block: Buckler           |       |       |    23 ||    23

Table legend: (Time is in decaauts)
 A = Elapsed time spent in this place.
 B = Non-inter-level travel time spent in this place.
 C = Inter-level travel time spent in this place.
 D = Time resting spent in this place.
 E = Time spent auto-exploring this place.
 F = Levels seen in this place.
 G = Mean time per level.
                   A        B        C        D        E       F      G
               +--------+--------+--------+--------+--------+-----+--------+
         Total |   5405 |   5102 |    303 |    418 |   2778 |  10 |  540.5 |
       Dungeon |   4148 |   3871 |    277 |     79 |   2574 |   7 |  592.6 |
        Temple |    222 |    196 |     26 |      0 |    187 |   1 |  222.0 |
       Ossuary |    184 |    184 |      0 |      0 |     17 |   1 |  184.0 |
        Bailey |    849 |    849 |      0 |    339 |      0 |   1 |  849.0 |
               +--------+--------+--------+--------+--------+-----+--------+

Top non-repeatable levels by time:
     D:6: 1073 daAuts
     D:4: 856 daAuts
  Bailey: 849 daAuts
     D:2: 801 daAuts
     D:3: 713 daAuts
     D:5: 520 daAuts
  Temple: 222 daAuts
 Ossuary: 184 daAuts
     D:7: 130 daAuts
     D:1: 52 daAuts
